 Dungeon Crawl Stone Soup version 0.32-a0-572-g3e1049bc92 (webtiles) character file.

Game seed: 6215438419762257044

569 Kirpich the Slasher (level 7, 41/41 HPs)
             Began as a Tengu Reaver on Oct 18, 2022.
             Was an Initiate of Vehumet.
             Quit the game on level 5 of the Dungeon on Mar 1, 2024.
             The game lasted 00:43:43 (4570 turns).

Kirpich the Slasher (Tengu Reaver)                  Turns: 4570, Time: 00:43:43

Health: 41/41      AC:  4    Str: 12    XL:     7   Next: 33%
Magic:  12/12      EV: 16    Int: 16    God:    Vehumet [......]
Gold:   8          SH:  0    Dex: 12    Spells: 4/12 levels left

rFire   . . .        a - +0 falchion
rCold   . . .        (no shield)
rNeg    . . .        b - +0 leather armour
rPois   .            (helmet restricted)
rElec   +            (no cloak)
rCorr   .            m - +0 pair of gloves
SInv    +            (boots unavailable)
Will    .....        g - amulet of guardian spirit
Stlth   +            (no ring)
HPRegen 1.06/turn    (no ring)
MPRegen 0.13/turn

%: acrobat, guardian spirit
@: flying
A: beak, talons 3, evasive flight, acrobatic, see invisible, regeneration 1,
screaming 1, electricity resistance
a: Renounce Religion


You were on level 5 of the Dungeon.
You worshipped Vehumet.
Vehumet was noncommittal.
You visited 1 branch of the dungeon, and saw 5 of its levels.

You collected 242 gold pieces.
You spent 234 gold pieces at shops.

Inventory:

Hand Weapons
 a - a +0 falchion (weapon)
 c - a +0 long sword
Armour
 b - a +0 leather armour (worn)
 l - the +9 chain mail of Qywit {rElec Int+3 Dex-3}
   (You found it on level 2 of the Dungeon)

   Int+3:     It affects your intelligence (+3).
   Dex-3:     It affects your dexterity (-3).
   rElec:     It insulates you from electricity.
 m - a +0 pair of gloves (worn)
Jewellery
 g - an amulet of guardian spirit (around neck)
 w - an amulet of magic regeneration
 A - a ring of resist corrosion
Wands
 n - a wand of iceblast (7)
 u - a wand of charming (12)
Scrolls
 d - a scroll of poison {unknown}
 e - a scroll of torment {unknown}
 f - 3 scrolls of teleportation {unknown}
 j - 2 scrolls of enchant armour {unknown}
 o - a scroll of blinking
 r - a scroll of vulnerability {unknown}
 v - a scroll of noise {unknown}
 x - a scroll of fear {unknown}
 y - a scroll of fog {unknown}
Potions
 h - a potion of haste
 i - a potion of lignification
 k - a potion of resistance
 p - 2 potions of might {unknown}
 q - 4 potions of heal wounds
 s - a potion of brilliance
 t - 3 potions of curing {unknown}
 z - a potion of ambrosia


   Skills:
 * Level 3.5 Fighting
 + Level 5.1 Long Blades
 + Level 3.4 Armour
 + Level 3.1 Dodging
 - Level 1.0 Stealth
 * Level 3.1 Spellcasting
 * Level 5.0 Conjurations
 + Level 0.5 Translocations
 * Level 1.4 Ice Magic


You had 4 spell levels left.
You knew the following spells:

 Your Spells              Type           Power      Damage    Failure   Level
a - Kiss of Death         Conj/Necr      40%        2d8       9%          1
b - Momentum Strike       Conj/Tloc      22%        3d8       12%         2
c - Hailstorm             Conj/Ice       12%        3d6       19%         3
d - Blink                 Tloc           8%         N/A       28%         2

Your spell library contained the following spells:

 Spells                   Type           Power      Damage    Failure   Level
 Manifold Assault         Tloc           4%         N/A       88%         4


Dungeon Overview and Level Annotations

Branches:
Dungeon (5/15)             Temple (0/1) D:4

Altars:
Hepliaklqana
Ru
Vehumet

Shops:
D:4 !


Innate Abilities, Weirdness & Mutations

You have a beak for a mouth.
You have claws for feet.
Your magical flight helps you evade attacks. (EV +4)
You can magically evade attacks while moving or waiting.
You have supernaturally acute eyesight. (SInv)
Your natural rate of healing is unusually fast.
You occasionally shout uncontrollably at your foes.
You are resistant to electric shocks. (rElec)


Message History

The adder bites you but does no damage.
You closely miss the adder. Your kick misses the adder.
The adder is heavily wounded.
The adder barely misses you. x2
You slash the adder!
You kill the adder!
Vehumet accepts your kill. The gnoll hits you with a +0 whip.
You completely miss the gnoll. You claw the gnoll. Your peck misses the gnoll.
The gnoll is moderately wounded.
The gnoll barely misses you.
You slash the gnoll! You claw the gnoll, but do no damage. You peck the gnoll.
You kill the gnoll!
Vehumet accepts your kill.
You hit the dart slug. You claw the dart slug! You peck the dart slug.
You kill the dart slug!
Vehumet accepts your kill.
Items here: ))) [ †.
You see here a +0 leather armour.
A - a ring of resist corrosion Saving game... please wait.
Welcome back, Kirpich the Tengu Reaver.
Vehumet says: Let it end in hellfire!
Press ? for a list of commands and other information.
Unknown command.
Saving game... please wait.
Welcome back, Kirpich the Tengu Reaver.
Vehumet says: Let it end in hellfire!
Press ? for a list of commands and other information.
Welcome back, Kirpich the Tengu Reaver.
Vehumet says: Let it end in hellfire!
Press ? for a list of commands and other information.
Saving game... please wait.
Welcome back, Kirpich the Tengu Reaver.
Vehumet says: Let it end in hellfire!
Press ? for a list of commands and other information.
Welcome back, Kirpich the Tengu Reaver.
Vehumet says: Let it end in hellfire!
Press ? for a list of commands and other information.
Are you sure you want to abandon this character and quit the game? (Confirm with "yes".)

# #.....# .#
#.#.....#..#
.#.....#..##
..#.................#
.......#.#............#
.............. .......#
.............. #...# .#
.......... ..# #@..# .#
....#.##.# #.# #[..# .#
......##.###.#.#...# .#
........)...<..#..)##.##
...).)..)..............#
...................#)###
..#....#.##..#.#.#.#.# .
#....#.##......#.#.#
.##....#.###.#...#.#.#


There were no monsters in sight!

Vanquished Creatures
  Edmund (D:4)
  An ogre (D:4)
  A phantom (D:4)
  An orc priest (D:3)
  A gnoll bouda (D:5)
  A hound (D:5)
  An iguana (D:4)
  An orc wizard (D:3)
  Robin (D:4)
  5 adders
  7 gnolls (D:5)
  A shadow imp (D:3)
  5 dart slugs
  16 orcs
  6 ball pythons
  6 bats
  4 endoplasms
  6 giant cockroaches
  8 goblins
  10 hobgoblins
  2 kobolds
  6 quokkas
  3 frilled lizards (D:1)
  6 rats (D:1)
100 creatures vanquished.

Vanquished Creatures (others)
  An orc priest (D:3)
  A gnoll (D:1)
  A ribbon worm (D:2)
  A dart slug (D:2)
  2 endoplasms
  A goblin (D:1)
  A hobgoblin (D:2)
  2 kobolds
10 creatures vanquished.

Grand Total: 110 creatures vanquished

Notes
Turn   | Place    | Note
-------+----------+-------------------------------------------
     0 | D:1      | Kirpich the Tengu Reaver began the quest for the Orb.
     0 | D:1      | Reached XP level 1. HP: 12/12 MP: 4/4
   218 | D:1      | Found a faded altar of an unknown god.
   255 | D:1      | Reached XP level 2. HP: 2/13 MP: 3/6
   615 | D:1      | Learned a level 2 spell: Momentum Strike
   711 | D:1      | Reached XP level 3. HP: 16/17 MP: 5/7
  1579 | D:2      | Learned a level 3 spell: Hailstorm
  1737 | D:2      | Reached skill level 1 in Armour
  1938 | D:2      | Reached XP level 4. HP: 24/26 MP: 6/8
  2037 | D:2      | Identified the +9 chain mail of Qywit {rElec Int+3 Dex-3}
  2232 | D:3      | Gained mutation: You occasionally shout uncontrollably at
                  | your foes. [potion of mutation]
  2232 | D:3      | Gained mutation: A frigid envelope surrounds you and
                  | freezes all who hurt you. [potion of mutation]
  2232 | D:3      | Gained mutation: Your spells are a little easier to cast,
                  | but a little less powerful. [potion of mutation]
  2232 | D:3      | Gained mutation: You are resistant to electric shocks.
                  | (rElec) [potion of mutation]
  2426 | D:3      | Gained mutation: Your magical flight helps you evade
                  | attacks. (EV +4) [Tengu growth]
  2426 | D:3      | Reached XP level 5. HP: 21/30 MP: 1/9
  2526 | D:3      | Found a hazy altar of Hepliaklqana.
  2666 | D:3      | Identified the +7 hand axe of Pojulob {freeze, rC+ Str+9
                  | Int+4 Stlth-}
  2712 | D:3      | Learned a level 2 spell: Blink
  3372 | D:4      | Found a radiant altar of Vehumet.
  3372 | D:4      | Noticed Edmund
  3382 | D:4      | Killed Edmund
  3383 | D:4      | Reached skill level 1 in Stealth
  3383 | D:4      | Reached XP level 6. HP: 21/36 MP: 1/11
  3448 | D:4      | Became a worshipper of Vehumet
  3804 | D:4      | Found a sacrificial altar of Ru.
  3924 | D:4      | Found a staircase to the Ecumenical Temple.
  3968 | D:4      | Found Vafiumij's Distillery.
  4008 | D:4      | Bought a potion of mutation for 104 gold pieces
  4008 | D:4      | Bought a potion of heal wounds for 65 gold pieces
  4008 | D:4      | Bought a potion of heal wounds for 65 gold pieces
  4008 | D:4      | Lost mutation: A frigid envelope surrounds you and freezes
                  | all who hurt you. [potion of mutation]
  4008 | D:4      | Lost mutation: Your spells are a little easier to cast, but
                  | a little less powerful. [potion of mutation]
  4008 | D:4      | Gained mutation: Your natural rate of healing is unusually
                  | fast. [potion of mutation]
  4008 | D:4      | Gained mutation: You have supernaturally acute eyesight.
                  | (SInv) [potion of mutation]
  4019 | D:4      | Noticed Robin
  4039 | D:4      | Killed Robin
  4352 | D:5      | Entered Level 5 of the Dungeon
  4359 | D:5      | Reached skill level 5 in Long Blades
  4359 | D:5      | Reached skill level 1 in Ice Magic
  4359 | D:5      | Reached XP level 7. HP: 41/41 MP: 12/12
  4503 | D:5      | Reached skill level 5 in Conjurations
  4570 | D:5      | Upgraded the game from 0.30-a0-297-g0ec75d9ef4 to
                  | 0.30-a0-325-gb515db48ae
  4570 | D:5      | Upgraded the game from 0.30-a0-325-gb515db48ae to
                  | 0.30-a0-377-g5cb311bc9f
  4570 | D:5      | Upgraded the game from 0.30-a0-377-g5cb311bc9f to
                  | 0.32-a0-572-g3e1049bc92
  4570 | D:5      | Quit the game

Illustrated notes

Levels and vault maps discovered:
D:1:      dpeg_arrival_prison, layout_basic, shapermc_ecumenical_altar_gd,
          minivault_25, minivault_23, minmay_misc_feat_room
D:2:      layout_loops_corners, solitary_fountain, minmay_misc_feat_encased
D:3:      layout_basic, mainiacjoe_overflow_24_doors, minmay_pentangle
D:4:      layout_loops_ring, vehumet_crystals, nicolae_ru_the_path_less_chosen,
          minmay_temple_entry_enclosed_plants, serial_shops,
          nicolae_shop_statue_plus, uniq_edmund, uniq_robin
D:5:      minmay_angry_zag, layout_basic, mainiacjoe_overflow_tiny_flanked,
          serial_shops, shop, shop, nicolae_shop_behind_doors

Skill      XL: |  1  2  3  4  5  6  7 |
---------------+----------------------+-----
Long Blades    | 4 5 |  5.1
Armour         | 1 2 3 |  3.4
Stealth        | 1 |  1.0
Fighting       | 3 |  3.5
Spellcasting   | 3 |  3.1
Ice Magic      | 1 |  1.4
Dodging        | 3 |  3.1
Conjurations   | 5 |  5.0
Translocations | |  0.5

Action                     |  1- 3 |  4- 6 |  7- 9 || total
---------------------------+-------+-------+-------++-------
  Melee: Falchion          |    98 |    91 |    44 ||   233
         Kick              |    20 |    20 |    14 ||    54
         Peck              |    11 |    12 |     6 ||    29
         Punch             |       |     2 |     1 ||     3
   Cast: Kiss of Death     |     2 |       |       ||     2
         Momentum Strike   |     7 |     7 |     1 ||    15
         Hailstorm         |       |     8 |     1 ||     9
         Blink             |       |     1 |       ||     1
    Use: Scroll            |     3 |     5 |       ||     8
         Potion            |       |     3 |       ||     3
 Armour: Leather armour    |    40 |    12 |     3 ||    55
         Chain mail        |       |    10 |       ||    10
  Dodge: Dodged            |    77 |    52 |    29 ||   158

Table legend: (Time is in decaauts)
 A = Elapsed time spent in this place.
 B = Non-inter-level travel time spent in this place.
 C = Inter-level travel time spent in this place.
 D = Time resting spent in this place.
 E = Time spent auto-exploring this place.
 F = Levels seen in this place.
 G = Mean time per level.
                   A        B        C        D        E       F      G
               +--------+--------+--------+--------+--------+-----+--------+
         Total |   4445 |   4305 |    140 |    483 |   2746 |   5 |  889.0 |
       Dungeon |   4445 |   4305 |    140 |    483 |   2746 |   5 |  889.0 |
               +--------+--------+--------+--------+--------+-----+--------+

Top non-repeatable levels by time:
     D:1: 1233 daAuts
     D:3: 1079 daAuts
     D:2: 982 daAuts
     D:4: 937 daAuts
     D:5: 213 daAuts
